 Dungeon Crawl Stone Soup version 0.29.1-1-gd02db6906a (webtiles) character file.

Game seed: 15946675346242592171

7663 Zeld the Cleaver (level 10, -1/139 HPs)
             Began as a Minotaur Berserker on Oct 15, 2022.
             Was an Elder of Trog.
             Slain by an orc warlord
             ... wielding a +5 battleaxe
              (42 damage)
             ... in a bailey.
             The game lasted 00:12:25 (12328 turns).

Zeld the Cleaver (Minotaur Berserker)              Turns: 12328, Time: 00:12:25

Health: -1/139     AC: 18    Str: 27    XL:     10   Next: 99%
Magic:  9/9        EV: 10    Int:  4    God:    Trog [****..]
Gold:   219        SH:  0    Dex:  9    Spells: 9/9 levels left

rFire   . . .      SeeInvis .   h - +2 whip (venom)
rCold   . . .      Faith    .   (no shield)
rNeg    . . .      Spirit   .   b - +1 plate armour {Will+}
rPois   .          Reflect  .   (helmet restricted)
rElec   .          Harm     .   n - +0 cloak
rCorr   .          Rampage  .   q - +0 pair of gloves
Will    +....                   (no boots)
Stlth   ..........              (no amulet)
HPRegen 0.33/turn               (no ring)
MPRegen 0.11/turn               (no ring)

@: berserking, very quick
A: horns 2, retaliatory headbutt
a: Renounce Religion, Berserk, Trog's Hand, Brothers in Arms


You were in a bailey.
You worshipped Trog.
Trog was greatly pleased with you.
You visited 2 branches of the dungeon, and saw 10 of its levels.
You also visited: Sewer and Bailey.

You collected 301 gold pieces.
You spent 82 gold pieces at shops.

Inventory:

Hand Weapons
 a - a +0 battleaxe
 h - a +2 whip of venom (weapon)
 G - a +0 broad axe
Armour
 b - a +1 plate armour of willpower (worn)
 n - a +0 cloak (worn)
 q - a +0 pair of gloves (worn)
Wands
 e - a wand of iceblast (7)
 r - a wand of flame (12)
 t - a wand of charming (15)
 E - a wand of polymorph (8)
Scrolls
 c - 2 scrolls of noise {unknown}
 d - 2 scrolls of vulnerability {unknown}
 f - 2 scrolls of silence {unknown}
 g - 3 scrolls of amnesia {unknown}
 i - 3 scrolls of brand weapon {unknown}
 l - 4 scrolls of teleportation {unknown}
 m - 9 scrolls of identify {unknown}
 s - 2 scrolls of magic mapping
 v - 2 scrolls of enchant weapon {unknown}
 y - 6 scrolls of butterflies {unknown}
 C - 2 scrolls of fear {unknown}
 H - a scroll of summoning
Potions
 j - 4 potions of flight {unknown}
 k - 3 potions of resistance {unknown}
 o - 2 potions of magic {unknown}
 p - 4 potions of curing
 u - 2 potions of lignification {unknown}
 w - 3 potions of heal wounds {unknown}
 x - 2 potions of cancellation {unknown}
 z - a potion of might
 A - 3 potions of brilliance {unknown}
 B - 5 potions of haste
 D - a potion of attraction {unknown}
 F - a potion of mutation {unknown}


   Skills:
 + Level 9.8 Fighting
 * Level 13.2 Axes
 + Level 9.5 Armour
 + Level 8.6 Dodging


You had 9 spell levels left.
You didn't know any spells.
Your spell library was empty.

Dungeon Overview and Level Annotations

Branches:
Dungeon (9/15)             Temple (1/1) D:5            Lair (0/5) D:8
    Orc (0/2) D:9           Sewer (visited)          Bailey (1/1)

Altars:
Ashenzari
Cheibriados
Dithmenos
Elyvilon
Fedhas
Gozag
Hepliaklqana
Kikubaaqudgha
Makhleb
Nemelex Xobeh
Okawaru
Qazlal
Ru
Sif Muna
Trog
Uskayaw
Vehumet
Wu Jian
Xom
Yredelemnul
Zin
The Shining One

Shops:
D:4 **   D:5 (

Annotations:
D:9 Harold, Prince Ribbit


Innate Abilities, Weirdness & Mutations

You have a pair of horns on your head.
You reflexively headbutt those who attack you in melee.


Message History

Unknown command.
You whack the hobgoblin!
You kill the hobgoblin!
Trog accepts your kill.
The orc warlord hits your two-headed ogre with a +5 battleaxe!!!
Unknown command.
Unknown command.
You swap places.
The orc warlord hits you with a +5 battleaxe!!
The orc warlord hits your two-headed ogre with a +5 battleaxe!!!
Your two-headed ogre dies!
Your two-headed ogre's corpse disappears in a puff of smoke!
Items here: )) [[ ††.
Unknown command.
You are too injured to fight recklessly!
Unknown command.
You are too injured to fight recklessly!
Unknown command.
You are too injured to fight recklessly!
Unknown command.
A red film seems to cover your vision as you go berserk!
You feel yourself moving faster!
You feel mighty! The gnoll completely misses you.
The orc warlord barely misses you.
You barely miss the orc warlord. You hit the orc warlord.
The orc warlord is poisoned.
The orc warlord is lightly wounded.
The gnoll barely misses you.
The orc warlord hits you with a +5 battleaxe!!
* * * LOW HITPOINT WARNING * * *
You hit the orc warlord.
The orc warlord looks as sick as possible!
You headbutt the orc warlord.
The orc warlord is lightly wounded.
You hit the orc warlord. Your headbutt misses the orc warlord.
The orc warlord is lightly wounded.
You closely miss the orc warlord. You headbutt the orc warlord!
The orc warlord is moderately wounded.
The gnoll barely misses you.
The orc warlord hits you with a +5 battleaxe!!!
You die...

##.......## #.........#
##.........##
####.....⌠.....#######
...##.........##.....##
..))).......g.'.......#
..))##.......##.......##
.....#.......#.goo.....#
.....##88o88##.)@......##
⌠.....###o###...))⌠.....#
.....###g.. ##.........##
.....#.oo... #.........#
....##..g..go##.......##
....#.....g...#....)..#
...##....g....##...)[##
####...........####)##
)..## ##...).##


You could see an orc warlord (strong, extremely poisoned), an orc warrior
(strong) and a gnoll.

Vanquished Creatures
  A fire dragon (D:8)
  Pikel (D:4)
  2 rust devils (D:6)
  Joseph (D:7)
  Grinder (D:6)
  2 yaks (D:7)
  A wyvern (D:8)
  Menkaure (D:6)
  An acid dragon (D:8)
  2 water moccasins (D:8)
  A sky beast (D:7)
  9 orc warriors
  The ghost of Freeverse the Vexing, an amateur OgAM (D:4)
  An ice beast (D:7)
  An ogre (D:5)
  A black bear (D:5)
  2 centaurs (D:8)
  A phantom (D:6)
  Blork the orc (D:6)
  A kobold brigand (D:7)
  5 bullfrogs
  A scorpion (D:5)
  A necrophage (D:8)
  7 howler monkeys
  A crimson imp (D:6)
  3 hounds
  2 gnoll boudas
  8 jellies
  2 orc priests
  Crazy Yiuf (D:3)
  Terence (D:3)
  5 iguanas
  Ijyb (D:3)
  7 orc wizards
  11 gnolls
  5 adders
  A river rat (Sewer)
  2 white imps
  An ufetubus (D:7)
  2 worms
  A dart slug (D:3)
  37 orcs
  A bat (D:1)
  16 endoplasms
  4 giant cockroaches
  16 goblins
  20 hobgoblins
  11 kobolds
  2 quokkas
  6 ball pythons
  5 frilled lizards
  4 rats
222 creatures vanquished.

Vanquished Creatures (collateral kills)
  2 orc knights (Bailey)
  An orc warrior (Bailey)
  2 gnolls (Bailey)
  2 orcs (Bailey)
  A hobgoblin (Bailey)
8 creatures vanquished.

Vanquished Creatures (others)
  An orc priest (D:9)
1 creature vanquished.

Grand Total: 231 creatures vanquished

Notes
Turn   | Place    | Note
-------+----------+-------------------------------------------
     0 | D:1      | Zeld the Minotaur Berserker began the quest for the Orb.
     0 | D:1      | Reached XP level 1. HP: 19/19 MP: 0/0
   220 | D:1      | Reached XP level 2. HP: 22/27 MP: 1/1
   348 | D:1      | Reached skill level 4 in Axes
  1006 | D:2      | Identified the +1 dagger "Etuodusi" {pain, rF+}
  1214 | D:2      | Reached XP level 3. HP: 13/33 MP: 2/2
  1524 | D:2      | Reached ** piety under Trog
  1741 | D:3      | Found a sacrificial altar of Ru.
  1891 | D:3      | Noticed Ijyb
  1913 | D:3      | Killed Ijyb
  1914 | D:3      | Reached XP level 4. HP: 24/41 MP: 3/3
  2109 | D:3      | Reached skill level 5 in Axes
  2343 | D:3      | Reached XP level 5. HP: 47/47 MP: 4/4
  2544 | D:3      | Found a runed translucent door.
  2545 | D:3      | Noticed Crazy Yiuf
  2793 | D:3      | Reached XP level 6. HP: 31/55 MP: 5/5
  2965 | D:3      | Found a faded altar of an unknown god.
  3052 | D:3      | Found a burning altar of Makhleb.
  3052 | D:3      | Noticed a balrug
  3055 | D:3      | Noticed a hellwing
  3055 | D:3      | Noticed a neqoxec
  3187 | D:3      | Noticed Terence
  3197 | D:3      | Killed Terence
  3364 | D:3      | Killed Crazy Yiuf
  3365 | D:3      | Reached skill level 5 in Fighting
  3365 | D:3      | Reached skill level 6 in Axes
  3646 | D:4      | Found a large runed translucent door.
  3649 | D:4      | Found a large runed translucent door.
  3650 | D:4      | Noticed Freeverse's ghost (amateur OgAM)
  3666 | D:4      | Found Cel Wodiklag's General Store.
  3718 | D:4      | Found Roibycvu's Specific Store.
  3732 | D:4      | Bought a scroll of magic mapping for 82 gold pieces
  3793 | D:4      | Reached *** piety under Trog
  4006 | D:4      | Noticed Pikel
  4023 | D:4      | Killed Pikel
  4024 | D:4      | Reached skill level 7 in Axes
  4024 | D:4      | Reached skill level 5 in Armour
  4024 | D:4      | Reached XP level 7. HP: 32/63 MP: 6/6
  4343 | D:4      | Killed Freeverse's ghost
  4344 | D:4      | Reached skill level 5 in Dodging
  4344 | D:4      | Reached XP level 8. HP: 70/70 MP: 7/7
  4392 | D:5      | Entered Level 5 of the Dungeon
  4399 | D:5      | Reached skill level 8 in Axes
  4479 | D:5      | Found a hazy altar of Hepliaklqana.
  4625 | D:5      | Found a staircase to the Ecumenical Temple.
  4766 | D:5      | Found an ancient bone altar of Kikubaaqudgha.
  4896 | D:5      | Found a sparkling altar of Nemelex Xobeh.
  4955 | D:5      | Found Vatoeche's Weapon Boutique.
  5079 | D:6      | Found an iron altar of Okawaru.
  5145 | D:6      | Found a glowing drain.
  5158 | Sewer    | Entered a sewer
  5406 | Sewer    | Reached skill level 9 in Axes
  5434 | Sewer    | Found a viscous altar of Jiyva.
  5842 | Temple   | Entered the Ecumenical Temple
  6108 | D:5      | Noticed a rust devil
  6108 | D:5      | Noticed a rust devil
  6117 | D:6      | Killed a rust devil
  6118 | D:6      | Reached XP level 9. HP: 79/79 MP: 8/8
  6135 | D:6      | Killed a rust devil
  6136 | D:6      | Reached skill level 10 in Axes
  6682 | D:6      | Noticed Menkaure
  6690 | D:6      | Killed Menkaure
  6875 | D:6      | Found a bloodstained altar of Trog.
  6907 | D:6      | Noticed Grinder
  6912 | D:6      | Paralysed by Grinder for 2 turns
  6916 | D:6      | Killed Grinder
  6954 | D:6      | Noticed Blork the orc
  6962 | D:6      | Killed Blork the orc
  6962 | D:6      | Reached **** piety under Trog
  7456 | D:7      | Reached skill level 11 in Axes
  7892 | D:7      | Reached XP level 10. HP: 78/90 MP: 9/9
  7948 | D:7      | Found a broken altar of Ashenzari.
  8018 | D:7      | Noticed Joseph
  8032 | D:7      | Killed Joseph
  8696 | D:8      | Reached skill level 12 in Axes
  9141 | D:8      | Found a staircase to the Lair.
  9141 | D:8      | Noticed a fire dragon
 10093 | D:8      | Killed a fire dragon
 10669 | D:9      | Noticed Harold
 10696 | D:9      | Found a flagged portal.
 10709 | D:9      | Noticed Prince Ribbit
 10724 | Bailey   | Entered a bailey
 11002 | Bailey   | HP: 4/91 [orc warrior/+0 battleaxe (15)]
 11631 | Bailey   | Noticed an orc knight
 11660 | Bailey   | Killed an orc knight
 11664 | Bailey   | Reached skill level 13 in Axes
 12295 | Bailey   | Noticed an orc knight
 12295 | Bailey   | Noticed an orc warlord
 12317 | Bailey   | Killed an orc knight
 12328 | Bailey   | Slain by an orc warlord

Illustrated notes

Levels and vault maps discovered:
D:1:      minmay_arrival_checkered_box, layout_basic
D:2:      layout_rooms, ebering_dispersal_statue_hall
D:3:      layout_basic, makhleb_altar_promises_db, nicolae_ru_awakened_eye,
          hellmonk_ecumenical_altar_zigzags, uniq_ijyb, uniq_crazy_yiuf_cottage,
          uniq_terence
D:4:      layout_basic, ebering_ghost_disaster_area,
          chequers_serial_rivers_marsh, nicolae_specific_store, uniq_pikel
D:5:      cheibrodos_iron_armory, layout_gridville, marbit_many_paths,
          kennysheep_mini, mainiacjoe_overflow_24_doors,
          minmay_temple_entry_from_below_a, serial_shops, shop
D:6:      layout_loops_cross, mainiacjoe_overflow_surrounded_room,
          lemuel_crystal_altar, cheibrodos_sewer_entry_bend,
          minmay_fire_ice_demons, uniq_menkaure, uniq_blork_the_orc,
          uniq_grinder
D:7:      layout_basic, cheibrodos_ashenzari_chains,
          hangedman_abyss_or_decor_lesser_grid, dreamdust_gnoll_shepherd,
          uniq_joseph
D:8:      kennysheep_ambush_hall, layout_rooms, minmay_lair_entry_lava,
          minivault_11
D:9:      layout_cave_pools, david_orc_3, enter_bailey_2, serial_ice,
          serial_ice_h, serial_ice_b, serial_ice_a, serial_ice_k,
          grunt_ogre_cave, uniq_harold, uniq_maurice, uniq_prince_ribbit1
Temple:   jpeg_temple_clearing
Bailey:   bailey_axe_minmay_hex_keep, bailey

Skill      XL: |  1  2  3  4  5  6  7  8  9 10 |
---------------+-------------------------------+-----
Axes           | 4 5 7 9 11 13 | 13.2
Fighting       | 4 6 7 8 9 |  9.8
Armour         | 3 4 5 6 8 9 |  9.5
Dodging        | 3 4 5 6 7 8 |  8.6

Action                   |  1- 3 |  4- 6 |  7- 9 | 10-12 || total
-------------------------+-------+-------+-------+-------++-------
Melee: Hand axe          |    85 |    40 |       |       ||   125
       Headbutt          |    13 |    15 |    52 |    50 ||   130
       Dagger            |       |    27 |       |       ||    27
       Whip              |       |    78 |   283 |   223 ||   584
       Punch             |       |     4 |     2 |     5 ||    11
Invok: Berserk           |     2 |       |     3 |     5 ||    10
       Brothers in Arms  |       |       |       |     2 ||     2
  Use: Potion            |     4 |       |       |       ||     4
       Scroll            |       |       |       |     1 ||     1
Armor: Animal skin       |    11 |     2 |       |       ||    13
       Plate armour      |       |    89 |   117 |   117 ||   323
Dodge: Dodged            |    63 |    43 |    96 |   107 ||   309
